 Dungeon Crawl Stone Soup version 0.20-a0-1062-g7b787ac (webtiles) character file.

4301 Alarkh the Martial Artist (level 10, -1/79 HPs)
             Began as a Demonspawn Transmuter on Apr 27, 2017.
             Was a Believer of Okawaru.
             Slain by claquette's ghost (2 damage)
             ... on level 8 of the Dungeon.
             The game lasted 00:13:55 (13150 turns).

Alarkh the Martial Artist (Demonspawn Transmuter)  Turns: 13150, Time: 00:13:56

Health: -1/79      AC:  9    Str: 14      XL:     10   Next: 11%
Magic:  14/14      EV: 15    Int: 17      God:    Okawaru [**....]
Gold:   634        SH:  0    Dex: 13 (14) Spells: 4/13 levels left

rFire    . . .     SeeInvis .     - Unarmed
rCold    . . .     Gourm    .   (no shield)
rNeg     + . .     Faith    .   b - +0 robe
rPois    .         Spirit   .   (helmet restricted)
rElec    .         Reflect  .   p - +2 cloak
rCorr    .         Harm     .   v - +0 pair of gloves
MR       .....                  s - +2 pair of boots
Stlth    +++.......             (no amulet)
Regen    0.3/turn               u - +3 ring of strength
MPRegen  0.2/turn               J - ring of positive energy

@: no status effects
A: hooves 2, horns 1, nightstalker 2
a: Heroism, Renounce Religion


You were on level 8 of the Dungeon.
You worshipped Okawaru.
Okawaru was pleased with you.
You were hungry.

You visited 2 branches of the dungeon, and saw 9 of its levels.

You collected 634 gold pieces.

Inventory:

Missiles
 a - 121 arrows
Armour
 b - a +0 robe (worn)
 p - a +2 cloak (worn)
 s - a +2 pair of boots (worn)
 v - a +0 pair of gloves (worn)
 z - a +0 shield
Jewellery
 u - a +3 ring of strength (left hand)
 J - a ring of positive energy (right hand)
Wands
 g - a wand of polymorph (10/24)
 F - a wand of digging (15/24)
 I - a wand of iceblast (6/15)
Scrolls
 e - 2 scrolls of identify
 f - 2 scrolls of remove curse
 h - a scroll of teleportation
 k - a scroll of blinking
 l - 2 scrolls of amnesia
 o - a scroll of magic mapping {unknown}
 r - a scroll of enchant weapon
 w - a scroll of enchant armour
 x - 2 scrolls of fog {unknown}
 y - a scroll of immolation {unknown}
 B - a scroll of vulnerability {unknown}
 D - a scroll of noise {unknown}
 E - a scroll of recharging {unknown}
 G - 2 scrolls of random uselessness {unknown}
Potions
 i - 2 potions of brilliance
 m - 2 potions of cancellation
 A - 3 potions of mutation
Books
 c - a book of Changes

   Spells                             Type                      Level
   a - Beastly Appendage              Transmutation                1
   b - Sticks to Snakes               Transmutation                2
   c - Spider Form                    Transmutation/Poison         3
   d - Ice Form                       Ice/Transmutation            4
   e - Blade Hands                    Transmutation                5
 q - a book of Power

   Spells                             Type                      Level
   a - Iskenderun's Battlesphere      Conjuration/Charms           5
   b - Venom Bolt                     Conjuration/Poison           5
   c - Bolt of Magma                  Conjuration/Fire/Earth       5
   d - Iron Shot                      Conjuration/Earth            6
   e - Orb of Destruction             Conjuration                  7
   f - Spellforged Servitor           Conjuration/Summoning        7
 t - a book of Conjurations

   Spells                             Type                      Level
   a - Magic Dart                     Conjuration                  1
   b - Searing Ray                    Conjuration                  2
   c - Dazzling Spray                 Conjuration/Hexes            3
   d - Fulminant Prism                Conjuration/Hexes            4
   e - Force Lance                    Conjuration/Translocation    4
   f - Iskenderun's Mystic Blast      Conjuration                  4
 C - a book of Cantrips

   Spells                             Type                      Level
   a - Confusing Touch                Hexes                        1
   b - Animate Skeleton               Necromancy                   1
   c - Summon Small Mammal            Summoning                    1
   d - Apportation                    Translocation                1
Comestibles
 d - 7 bread rations
 j - 3 royal jellies
 n - 3 meat rations


   Skills:
 + Level 7.0 Fighting
 + Level 6.5 Dodging
 * Level 9.6 Unarmed Combat
 - Level 2.0 Spellcasting
 - Level 1.7 Transmutations
 + Level 5.4 Invocations


You had 4 spell levels left.
You knew the following spells:

 Your Spells              Type           Power        Failure   Level  Hunger
b - Sticks to Snakes      Tmut           #.......     14%         2    ###....
c - Spider Form           Tmut/Pois      #.........   38%         3    ###....
d - Ice Form              Ice/Tmut       #.......     80%         4    #####..


Dungeon Overview and Level Annotations

Branches:
Dungeon (8/15)             Temple (1/1) D:7
   Lair: D:8-11

Altars:
Ashenzari
Cheibriados
Dithmenos
Elyvilon
Fedhas
Hepliaklqana
Kikubaaqudgha
Makhleb
Nemelex Xobeh
Okawaru
Qazlal
Ru
Sif Muna
Uskayaw
Vehumet
Wu Jian
Xom
Yredelemnul
Zin
The Shining One

Shops:
D:4 *   D:7 [

Annotations:
D:8 claquette's ghost, novice TrFi


Innate Abilities, Weirdness & Mutations

You have hoof-like feet.
You have a pair of small horns on your head.
You are significantly more attuned to the shadows.


Message History

You are confused.
You're too confused to move!
Claquette's ghost hits you!
The orc priest miscasts a cantrip.
You miss the orc wizard. The orc wizard closely misses you.
Claquette's ghost barely misses you.
You're too confused to move!
The two-headed ogre hits you with a giant club!!
* * * LOW HITPOINT WARNING * * *
The two-headed ogre hits you but does no damage.
The orc priest calls down the wrath of Beogh upon you.
Beogh smites you!
* * * LOW HITPOINT WARNING * * *
The orc wizard barely misses you.
Unknown command.
Unknown command.
Okay, then.
Unknown command.
You feel less confused. Claquette's ghost hits you.
You die...

. ###############. .
##..........#.... .
##.............# #.# #
#...........oO.# #.# .
#..)....oo..W..# #.#
#..[........@..# #.#
#..[...........#####.####
#..............(........##
##............########...####
##..........## #.......
############ #.......
#....... ########


You could see a two-headed ogre, 2 orc priests, an orc wizard and claquette's
ghost.

Vanquished Creatures
  The ghost of derval the Sneak, a novice SpEn of Gozag (D:6)
  Grinder (D:4)
  A hornet (D:7)
  2 water moccasins (D:8)
  5 orc warriors
  An ice beast (D:5)
  A sky beast (D:7)
  2 black bears
  A phantom (D:4)
  3 ogres
  3 centaurs
  A crocodile (D:8)
  A big kobold (D:6)
  9 bullfrogs
  A gnoll sergeant (D:6)
  A jelly (D:7)
  A quasit (D:8)
  6 orc priests
  5 hounds
  2 gnoll shamans (D:6)
  2 centaur skeletons
  3 bullfrog skeletons
  3 iguanas
  9 orc wizards
  4 worker ants
  8 gnolls (D:6)
  A howler monkey skeleton (D:6)
  7 adders
  An adder zombie (D:5)
  9 dart slugs
  5 worms (D:2)
  5 leopard geckos
  27 orcs
  7 bats
  6 giant cockroaches
  12 goblins
  12 hobgoblins
  2 jackals (D:2)
  3 quokkas
  11 frilled lizards
  A giant cockroach zombie (D:6)
  2 jackal skeletons
  14 kobolds
  A leopard gecko zombie (D:6)
  2 quokka skeletons (D:4)
  5 rats
  2 plants (D:6)
212 creatures vanquished.

Vanquished Creatures (others)
  A kobold (D:6)
  7 fungi (D:8)
  8 plants
16 creatures vanquished.

Grand Total: 228 creatures vanquished

Notes
Turn   | Place    | Note
-------+----------+-------------------------------------------
     0 | D:1      | Alarkh the Demonspawn Transmuter began the quest for the Orb.
     0 | D:1      | Reached XP level 1. HP: 15/15 MP: 3/3
   629 | D:1      | Gained mutation: You are slightly more attuned to the shadows. [demonic ancestry]
   629 | D:1      | Reached XP level 2. HP: 21/21 MP: 3/5
   824 | D:1      | Reached skill level 3 in Unarmed Combat
  1420 | D:1      | Gained mutation: You are significantly more attuned to the shadows. [demonic ancestry]
  1420 | D:1      | Reached XP level 3. HP: 24/27 MP: 4/6
  1558 | D:2      | Learned a level 2 spell: Sticks to Snakes
  1562 | D:2      | Learned a level 3 spell: Spider Form
  1906 | D:2      | Found a radiant altar of Vehumet.
  2529 | D:2      | Found a snail-covered altar of Cheibriados.
  2647 | D:2      | Reached XP level 4. HP: 27/33 MP: 5/7
  2912 | D:2      | Found a hide-covered altar of Uskayaw.
  2923 | D:2      | Found a faded altar of an unknown god.
  2926 | D:2      | Found a basalt altar of Yredelemnul.
  2928 | D:2      | Found a faded altar of an unknown god.
  2932 | D:2      | Found a glowing golden altar of the Shining One.
  3294 | D:3      | Found an ancient bone altar of Kikubaaqudgha.
  3304 | D:3      | Found a shadowy altar of Dithmenos.
  4004 | D:4      | Reached XP level 5. HP: 30/39 MP: 6/8
  4140 | D:4      | Reached skill level 4 in Unarmed Combat
  4367 | D:4      | Noticed Grinder
  4549 | D:4      | Killed Grinder
  4549 | D:4      | Reached skill level 5 in Unarmed Combat
  4549 | D:4      | Reached XP level 6. HP: 47/47 MP: 9/9
  4741 | D:4      | Found Puunko's General Store.
  4784 | D:4      | Mutation became permanent: You have a pair of small horns on your head. [demonic ancestry]
  4784 | D:4      | Gained mutation: You have a pair of horns on your head. [demonic ancestry]
  4784 | D:4      | Reached XP level 7. HP: 31/53 MP: 8/10
  5409 | D:5      | Entered Level 5 of the Dungeon
  6153 | D:5      | Learned a level 4 spell: Ice Form
  6539 | D:5      | Found an iron altar of Okawaru.
  6574 | D:5      | Became a worshipper of Warmaster Okawaru
  6858 | D:5      | Reached skill level 6 in Unarmed Combat
  7085 | D:5      | Found a sacrificial altar of Ru.
  7380 | D:6      | Noticed derval's ghost (novice SpEn)
  7602 | D:6      | Killed derval's ghost
  7602 | D:6      | Reached XP level 8. HP: 56/61 MP: 11/11
  7801 | D:6      | Reached * piety under Okawaru
  8158 | D:6      | Reached skill level 5 in Fighting
  8162 | D:6      | Reached skill level 5 in Dodging
  8266 | D:6      | Reached skill level 7 in Unarmed Combat
  9017 | D:6      | Reached skill level 1 in Invocations
  9649 | D:7      | Gained mutation: You have large cloven feet. [demonic ancestry]
  9649 | D:7      | Reached XP level 9. HP: 69/69 MP: 12/12
  9696 | D:7      | Found a staircase to the Ecumenical Temple.
  9791 | Temple   | Entered the Ecumenical Temple
 10057 | D:7      | Paralysed by a hornet for 2 turns
 10063 | D:7      | Paralysed by a hornet for 1 turns
 10068 | D:7      | Reached skill level 8 in Unarmed Combat
 10068 | D:7      | HP: 3/69 [poisoned by a hornet]
 10450 | D:7      | Reached ** piety under Okawaru
 10870 | D:7      | Found Jiemn's Antique Armour Emporium.
 10883 | D:7      | Found a stormy altar of Qazlal.
 11257 | D:7      | Reached skill level 9 in Unarmed Combat
 11583 | D:8      | Noticed claquette's ghost (novice TrFi)
 11776 | D:8      | Reached skill level 5 in Invocations
 12083 | D:8      | Found a sparkling altar of Nemelex Xobeh.
 12106 | D:8      | Noticed a two-headed ogre
 12109 | D:8      | Gained mutation: You have hoof-like feet. [demonic ancestry]
 12109 | D:8      | Reached XP level 10. HP: 36/77 MP: 11/13
 12445 | D:8      | Reached *** piety under Okawaru
 12483 | D:8      | HP: 3/77 [orc (5)]
 13148 | D:8      | HP: 1/79 [orc priest/divine providence (14)]
 13150 | D:8      | Slain by claquette's ghost

Vault maps used:
D:1:      minmay_arrival_plants_in_alcoves, columned_hall_lemuel, minmay_cut_off
D:2:      cheibriados_altar_1, chequers_temple_overflow_minitemple,
          old_standard_altar, first_bread, minmay_misc_feat_room
D:3:      nicolae_dithmenos_shadow_blocks, overflow_temple_1_default
D:4:      serial_shops, shop, uniq_grinder
D:5:      kennysheep_slugbush, nicolae_ru_the_path_less_chosen,
          lemuel_doored_altar
D:6:      kennysheep_housing_project
D:7:      nicolae_qazlal_style_of_elements, minmay_temple_entry_trees,
          serial_shops, nicolae_shop_crystal
D:8:      nemelex_xobeh_ov_fountains_minmay, grunt_lair_entry_orc_guard_hut,
          serial_shops, shop, uniq_joseph
Temple:   nicolae_temple_figure_zero

Skill      XL: |  1  2  3  4  5  6  7  8  9 10 |
---------------+-------------------------------+-----
Dodging        | 2 3 4 5 6 |  6.5
Unarmed Combat | 3 5 6 7 9 |  9.6
Fighting       | 2 3 4 5 6 7 |  7.0
Invocations    | 2 5 |  5.4
Spellcasting   | |  2.0
Transmutations | |  1.7

Action                   |  1- 3 |  4- 6 |  7- 9 | 10-12 || total
-------------------------+-------+-------+-------+-------++-------
Melee: Unarmed           |   153 |   151 |   625 |    68 ||   997
       Kick              |    12 |     4 |       |       ||    16
       Headbutt          |     5 |    11 |   125 |     7 ||   148
       Punch             |       |     3 |    30 |     3 ||    36
 Cast: Beastly Appendage |    27 |    13 |       |       ||    40
       Spider Form       |     2 |     1 |       |       ||     3
Invok: Heroism           |       |       |     7 |     3 ||    10
  Use: Scroll            |       |     4 |    10 |     2 ||    16
       Potion            |       |     1 |     7 |       ||     8
 Stab: Sleeping          |     7 |    12 |    19 |       ||    38
       Distracted        |       |       |     1 |       ||     1
  Eat: Chunk             |     6 |     7 |    22 |     3 ||    38
       Royal jelly       |       |       |     1 |       ||     1
Armor: Robe              |    18 |    24 |   167 |    28 ||   237
       Skin              |     1 |     4 |       |       ||     5
Dodge: Dodged            |    68 |    82 |   371 |    87 ||   608
